 Dungeon Crawl Stone Soup version 0.19.1 (webtiles) character file.

234 graki42 the Shield-Bearer (level 5, 0/47 HPs)
             Began as a Minotaur Fighter on Dec 26, 2016.
             Slain by an orc (2 damage)
             ... on level 4 of the Dungeon.
             The game lasted 00:06:04 (2344 turns).

graki42 the Shield-Bearer (Minotaur Fighter)        Turns: 2344, Time: 00:06:04

Health: 0/47       AC:  7    Str: 20    XL:     5   Next: 75%
Magic:  4/4        EV:  8    Int:  0    God:
Gold:   181        SH: 10    Dex: 10    Spells: 0 memorised, 4 levels left

rFire  . . .     SeeInvis .     a - +0 trident
rCold  . . .     Gourm    .     b - +0 scale mail
rNeg   . . .     Faith    .     c - +0 shield
rPois  .         Spirit   .     (helmet restricted)
rElec  .         Reflect  .     (no cloak)
rCorr  .         Harm     .     (no gloves)
MR     .....                    (no boots)
Stlth  ..........               q - amulet of magic regeneration
                                (no ring)
                                w - -6 ring of intelligence (curse)

@: slowed, lost intelligence, very slow
A: retaliatory headbutt, horns 2
a: no special abilities


You were on level 4 of the Dungeon.
You were near starving.

You visited 1 branch of the dungeon, and saw 4 of its levels.

You collected 181 gold pieces.

Inventory:

Hand Weapons
 a - a +0 trident (weapon)
Armour
 b - a +0 scale mail (worn)
 c - a +0 shield (worn)
 o - a cursed -2 ring mail
Jewellery
 q - an amulet of magic regeneration (around neck)
 w - a cursed -6 ring of intelligence (left hand)
Wands
 k - a wand of confusion (26/48)
Scrolls
 e - a scroll of amnesia {unknown}
 g - a scroll of remove curse {unknown}
 i - a scroll of enchant weapon {unknown}
 j - a scroll of fog {unknown}
 l - a scroll of random uselessness {unknown}
 m - a scroll of blinking {unknown}
 n - a scroll of identify {unknown}
Potions
 d - a potion of might
Books
 s - a book of Minor Magic

   Spells                             Type                      Level
   a - Magic Dart                     Conjuration                  1
   b - Blink                          Translocation                2
   c - Call Imp                       Summoning                    2
   d - Repel Missiles                 Charms/Air                   2
   e - Slow                           Hexes                        2
   f - Conjure Flame                  Conjuration/Fire             3
   g - Mephitic Cloud                 Conjuration/Poison/Air       3
Comestibles
 f - 2 bread rations
 r - a beef jerky
 v - a fruit


   Skills:
 * Level 4.4 Fighting
 * Level 4.2 Polearms
 * Level 5.0 Armour
 + Level 0.7 Dodging
 * Level 5.3 Shields


You had 4 spell levels left.
You didn't know any spells.

Dungeon Overview and Level Annotations

Branches:
Dungeon (4/15)
 Temple: D:4-7

Altars:
Ashenzari


Innate Abilities, Weirdness & Mutations

You reflexively headbutt those who attack you in melee.
You have a pair of horns on your head.


Message History

The magic dart hits you!
* * * LOW HITPOINT WARNING * * *
You barely miss the orc wizard.
The orc wizard is heavily wounded.
The orc hits you but does no damage.
The orc wizard hits you but does no damage.
The orc completely misses you. You block the orc wizard's attack.
You hit the orc wizard. Your headbutt misses the orc wizard.
The orc wizard is almost dead.
You block the orc's attack. The orc wizard casts a spell at you.
The puff of flame hits you!
* * * LOW HITPOINT WARNING * * *
The orc hits you but does no damage.
Okay, then.
You hit the orc wizard.
You kill the orc wizard!
Your Armour skill increases to level 5!
The orc hits you.
You die...

#+# #.# #.# ##.##
##...## #.....#
#.@)########
##)o.)......
#.#####..########
#.......#
.#####.## #.# #.#
#. #.# #.# #.#


You could see an orc.

Vanquished Creatures
  A scorpion (D:3)
  An orc priest (D:4)
  An orc wizard (D:4)
  Robin (D:2)
  4 adders
  2 oozes
  3 dart slugs
  A leopard gecko (D:2)
  2 orcs (D:4)
  4 bats
  2 giant cockroaches
  17 goblins
  10 hobgoblins
  A quokka (D:2)
  A ball python (D:1)
  2 frilled lizards (D:1)
  5 kobolds
  10 rats
68 creatures vanquished.

Notes
Turn   | Place    | Note
-------+----------+-------------------------------------------
     0 | D:1      | graki42 the Minotaur Fighter began the quest for the Orb.
     0 | D:1      | Reached XP level 1. HP: 19/19 MP: 0/0
   395 | D:1      | Reached XP level 2. HP: 27/27 MP: 1/1
   815 | D:1      | Reached XP level 3. HP: 33/33 MP: 2/2
   881 | D:2      | Found a faded altar of an unknown god.
   885 | D:2      | Noticed Robin
   928 | D:2      | Killed Robin
  1071 | D:2      | Reached XP level 4. HP: 39/40 MP: 3/3
  1813 | D:3      | Lost intelligence.
  1896 | D:3      | Found a shattered altar of Ashenzari.
  2039 | D:3      | Reached skill level 5 in Shields
  2039 | D:3      | Reached XP level 5. HP: 38/47 MP: 4/4
  2343 | D:4      | HP: 2/47 [orc wizard/puff of flame (3)]
  2344 | D:4      | Reached skill level 5 in Armour
  2344 | D:4      | Slain by an orc

Skill      XL: |  1  2  3  4  5 |
---------------+----------------+-----
Armour         | 4 5 |  5.0
Shields        | 4 5 |  5.3
Fighting       | 4 |  4.4
Polearms       | 3 4 |  4.2
Dodging        | |  0.7

Action                   |  1- 3 |  4- 6 || total
-------------------------+-------+-------++-------
Melee: Trident           |    98 |    94 ||   192
       Headbutt          |    18 |    13 ||    31
  Use: Scroll            |       |     2 ||     2
       Potion            |       |     1 ||     1
  Eat: Chunk             |       |     3 ||     3
       Fruit             |       |     1 ||     1
Armor: Scale mail        |    30 |    40 ||    70
Dodge: Dodged            |    25 |    29 ||    54
Block: Shield            |    46 |    55 ||   101
